 Dungeon Crawl Stone Soup version 0.22.1-2-g9c5b331 (webtiles) character file.

25 diana the Skirmisher (level 3, -2/26 HPs)
             Began as an Octopode Fighter on Nov 24, 2018.
             Slain by an ooze (4 damage)
             ... on level 2 of the Dungeon.
             The game lasted 00:01:00 (883 turns).

diana the Skirmisher (Octopode Fighter)              Turns: 883, Time: 00:01:01

Health: -2/26      AC:  1    Str: 16    XL:     3   Next: 6%
Magic:  3/3        EV: 11    Int: 10    God:
Gold:   91         SH:  8    Dex: 11    Spells: 2/2 levels left

rFire    . . .     SeeInvis .   a - +0 long sword
rCold    . . .     Gourm    .   b - +0 shield
rNeg     . . .     Faith    .   (helmet restricted)
rPois    .         Spirit   .   (no amulet)
rElec    .         Reflect  .   (no ring)
rCorr    .         Harm     .   (no ring)
MR       .....                  (no ring)
Stlth    ++........             (no ring)
HPRegen  0.08/turn              (no ring)
MPRegen  0.08/turn              (no ring)
                                (no ring)
                                (no ring)

@: no status effects
A: almost no armour, stealthy swim, amphibious, 8 rings, constrict 8, camouflage
1, gelatinous body 1
a: no special abilities


You were on level 2 of the Dungeon.
You were not hungry.

You visited 1 branch of the dungeon, and saw 2 of its levels.

You collected 91 gold pieces.

Inventory:

Hand Weapons
 a - a +0 long sword (weapon)
Armour
 b - a +0 shield (worn)
Scrolls
 e - a scroll of enchant armour {unknown}
 g - a scroll of identify {unknown}
 h - a scroll of teleportation {unknown}
Potions
 c - a potion of might
 f - a potion of heal wounds {unknown}
 i - a potion of invisibility {unknown}
 j - a potion of agility {unknown}
 k - a potion of berserk rage {unknown}
Comestibles
 d - 6 rations


   Skills:
 + Level 3.3 Fighting
 * Level 3.1 Long Blades
 - Level 3.0 Dodging
 - Level 3.0 Shields


You had 2 spell levels left.
You didn't know any spells.
Your spell library was empty.

Dungeon Overview and Level Annotations

Branches:
Dungeon (2/15)

Altars:


Innate Abilities, Weirdness & Mutations

You cannot wear most types of armour.
You are very stealthy in the water. (Stealth+)
You are amphibious.
You can wear up to eight rings at the same time.
You can use your tentacles to constrict eight enemies at once.
Your skin changes colour to match your surroundings (Stealth+).
Your rubbery body absorbs attacks. (AC +1, EV +1)


Message History

You feel stronger.
The bat closely misses you. x2; You riposte.
You miss the bat. You grab the The ooze hits you.
The goblin closely misses you.
You hit the ooze but do no damage. You constrict the bat.
You block the bat's attack.
The bat struggles to escape constriction.
The bat barely misses you.
You riposte.
You barely miss the bat. You squeeze the bat.
You kill the bat!
The ooze closely misses you. The goblin hits you with a club.
* * * LOW HITPOINT WARNING * * *
You closely miss the goblin. You grab the goblin. You squeeze the goblin.
You kill the goblin!
The ooze hits you.
* * * LOW HITPOINT WARNING * * *
You block the ooze's attack.
You slash the ooze! You squeeze the ooze, but do no damage.
The ooze is severely wounded.
The ooze hits you.
You die...

..............$.
#..............!.
#................
#................
#?............$..
##...............
#.......))......#
#....).†@J.#...
#..<.....).......
#................
#................
##...............
##..............
#..............
#......[.......
##...........


You could see an ooze.

Vanquished Creatures
  A ball python (D:1)
  2 bats
  A giant cockroach (D:2)
  5 goblins
  3 hobgoblins
  5 jackals (D:1)
  A frilled lizard (D:1)
  2 kobolds (D:1)
  2 rats (D:1)
22 creatures vanquished.

Notes
Turn   | Place    | Note
-------+----------+-------------------------------------------
     0 | D:1      | diana the Octopode Fighter began the quest for the Orb.
     0 | D:1      | Reached XP level 1. HP: 16/16 MP: 1/1
   170 | D:1      | Reached XP level 2. HP: 20/21 MP: 2/2
   880 | D:2      | Reached XP level 3. HP: 14/26 MP: 3/3
   883 | D:2      | Slain by an ooze

Skill      XL: |  1  2 |
---------------+-------+-----
Long Blades    | 3 |  3.1
Fighting       | |  3.3
Dodging        | |  3.0
Shields        | |  3.0

Action                   || total
-------------------------++-------
Melee: Long sword        ||    33
       Constrict         ||    11
       Tentacles         ||     5
 Stab: Sleeping          ||     7
Armor: Skin              ||     2
Dodge: Dodged            ||    24
Block: Shield            ||    19
       Rpst.: Long sword ||     9
